 Dungeon Crawl Stone Soup version 0.23.1 (webtiles) character file.

Game seed: 12760602193478959987

186 Monsterracer the Insei (level 5, -1/41 HPs)
             Began as a Merfolk Transmuter on Mar 2, 2019.
             Slain by an orc
             ... wielding a +0 morningstar
              (5 damage)
             ... on level 4 of the Dungeon.
             The game lasted 00:03:12 (3111 turns).

Monsterracer the Insei (Merfolk Transmuter)         Turns: 3111, Time: 00:03:13

Health: -1/41      AC:  7    Str: 11    XL:     5   Next: 66%
Magic:  8/8        EV: 11    Int: 13    God:
Gold:   113        SH:  0    Dex: 14    Spells: 8/8 levels left

rFire    . . .     SeeInvis .     - Unarmed
rCold    + . .     Gourm    .   (no shield)
rNeg     . . .     Faith    .   a - +0 ring mail
rPois    .         Spirit   .   (no helmet)
rElec    .         Reflect  .   h - +0 cloak
rCorr    .         Harm     .   b - +0 pair of gloves
MR       +....                  (no boots)
Stlth    +.........             (no amulet)
HPRegen  0.13/turn              M - ring of protection from magic
MPRegen  0.11/turn              C - ring of protection from cold

@: drained
A: change form in water, swift swim, stealthy swim
a: no special abilities


You were on level 4 of the Dungeon.
You were not hungry.

You visited 1 branch of the dungeon, and saw 4 of its levels.

You collected 113 gold pieces.


   Skills:
 + Level 3.2(2.2) Fighting
 + Level 3.3(2.3) Dodging
 * Level 5.7(4.6) Unarmed Combat
 - Level 2.0(1.0) Spellcasting
   Level 2.6(1.6) Transmutations


You had 8 spell levels left.
You didn't know any spells.
Your spell library contained the following spells:

 Spells                   Type           Power        Failure   Level  Hunger
 Beastly Appendage        Tmut           #.....       34%         1    ##.....
 Sticks to Snakes         Tmut           #.......     45%         2    ###....
 Spider Form              Tmut/Pois      #.........   82%         3    ####...
 Ice Form                 Ice/Tmut       #.......     99%         4    #####..
 Blade Hands              Tmut           #.........   100%        5    ######.

Inventory:

Missiles
 s - 2 throwing nets (quivered) {!f}
Armour
 a - a +0 ring mail (worn)
   (You found it on level 1 of the Dungeon)
 b - a +0 pair of gloves (worn)
   (You found it on level 3 of the Dungeon)
 h - a +0 cloak (worn)
   (You found it on level 1 of the Dungeon)
Jewellery
 C - a ring of protection from cold (right hand)
   (You found it on level 1 of the Dungeon)
 M - a ring of protection from magic (left hand)
   (You found it on level 2 of the Dungeon)
Scrolls
 k - a scroll of fear {!r}
Potions
 d - a potion of lignification
 e - 4 potions of curing
 g - a potion of heal wounds {unknown}
 i - a potion of agility {unknown}
 m - a potion of cancellation {unknown}
 n - a potion of might {unknown}
 o - a potion of berserk rage {unknown}
 p - a potion of resistance {unknown}
 z - a potion of brilliance
Comestibles
 c - 9 rations
 f - a chunk of flesh

Dungeon Overview and Level Annotations

Branches:
Dungeon (4/15)
 Temple: D:4-7

Altars:
Trog

.#####.##.#.###>.....
....).................
##########...........
###.#....## ###....###
#...#..# # ###o...##
###. #o##..# #...
#@###.###..# #.#
#..÷#.#
#.......####.<.#
####..#.# ##..# ....
.. ..... ..... ...
..##.... ###... ....##
#..... ..#. .....
..... ..##. ....##
....


You could see 2 orcs.


Message History

You kill the orc priest!
Your base Fighting skill increases to level 3!
Your base Dodging skill increases to level 3!
The orc hits you but does no damage. The orc barely misses you.
The orc wizard mumbles some strange words.
The orc wizard seems to speed up.
The orc hits you with a +0 mace.
* * * LOW HITPOINT WARNING * * *
You take 1 damage, and have 19/41 hp.
Unknown command.
The orc wizard mumbles some strange words.
The orc wizard blinks!
The orc wizard points at you and mumbles some strange words.
The magic dart hits you.
* * * LOW HITPOINT WARNING * * *
The orc wizard hits you but does no damage.
You take 5 damage, and have 14/41 hp.
The orc wizard casts a spell.
The orc wizard blinks!
The orc wizard casts a spell.
The orc wizard blinks!
The orc wizard casts a spell.
The orc wizard blinks!
You see here an adder corpse.
The orc hits you but does no damage.
You hit the orc.
The orc is almost dead.
You hit the orc.
You kill the orc!
The orc wizard barely misses you.
Things that are here:
a cursed -1 dagger; an orc corpse You closely miss the orc wizard.
The orc wizard casts a spell.
The orc wizard blinks!
You hit the orc.
The orc is almost dead.
The orc hits you but does no damage.
You barely miss the orc.
The orc is almost dead.
You barely miss the orc.
The orc is almost dead.
The orc wizard gestures wildly while chanting.
The orc wizard blinks!
The orc hits you but does no damage.
You completely miss the orc.
The orc is almost dead.
The orc barely misses you.
You closely miss the orc.
The orc is almost dead.
The orc closely misses you.
You barely miss the orc.
The orc is almost dead.
The orc hits you with a +0 mace.
* * * LOW HITPOINT WARNING * * *
You take 1 damage, and have 16/41 hp.
You punch the orc!
You kill the orc!
The orc wizard hits you but does no damage.
Items here: )) †† a +0 mace; a cursed -1 dagger; an orc corpse x2
You closely miss the orc wizard. The orc wizard misses you.
You closely miss the orc wizard.
The orc wizard hits you but does no damage.
You hit the orc wizard.
The orc wizard is moderately wounded.
The orc wizard closely misses you. x2
You closely miss the orc wizard.
The orc wizard is moderately wounded.
The orc wizard hits you but does no damage.
You hit the orc wizard but do no damage.
The orc wizard is moderately wounded.
The orc wizard hits you but does no damage. x2
You hit the orc wizard.
The orc wizard is heavily wounded.
The orc wizard points at you and mumbles some strange words.
The magic dart hits you.
* * * LOW HITPOINT WARNING * * *
You take 4 damage, and have 13/41 hp.
You closely miss the orc wizard.
The orc wizard is heavily wounded.
The orc wizard hits you but does no damage.
Unknown command.
You hit the orc wizard.
The orc wizard is severely wounded.
The orc wizard hits you but does no damage. x2
You closely miss the orc wizard.
The orc wizard is severely wounded.
The orc wizard misses you.
You hit the orc wizard.
The orc wizard is almost dead.
The orc wizard hits you with a +0 dagger.
* * * LOW HITPOINT WARNING * * *
You take 3 damage, and have 10/41 hp.
You hit the orc wizard.
You kill the orc wizard!
You hit the orc but do no damage. The orc closely misses you.
You barely miss the orc. The orc hits you with a +0 morningstar!
* * * LOW HITPOINT WARNING * * *
You take 6 damage, and have 4/41 hp.
You hit the orc but do no damage. The orc hits you with a +0 morningstar.
You die...

Skill      XL: |  1  2  3  4  5 |
---------------+----------------+-----
Unarmed Combat | 4 5 |  5.7
Fighting       | 2 3 |  3.2
Dodging        | 3 |  3.3
Spellcasting   | |  2.0
Transmutations | |  2.6

Action                   |  1- 3 |  4- 6 || total
-------------------------+-------+-------++-------
Melee: Unarmed           |   145 |   137 ||   282
       Headbutt          |     1 |       ||     1
 Cast: Beastly Appendage |     2 |       ||     2
  Use: Scroll            |       |    13 ||    13
  Eat: Chunk             |     3 |     4 ||     7
Armor: Robe              |     7 |       ||     7
       Ring mail         |    39 |    64 ||   103
Dodge: Dodged            |    88 |    82 ||   170

Levels and vault maps discovered:
D:1:      lemuel_arrival_cross, layout_basic, minmay_tetromino_l4
D:2:      layout_rooms, lemuel_coloured_pillars_altar, first_ration
D:3:      layout_basic, chequers_ecumenical_altar_simple
D:4:      layout_rooms, serial_curves, eino_curves_02, eino_curves_02,
          nicolae_ossuary_entry_ruins

Notes
Turn   | Place    | Note
-------+----------+-------------------------------------------
     0 | D:1      | Monsterracer the Merfolk Transmuter began the quest for the
                  | Orb.
     0 | D:1      | Reached XP level 1. HP: 15/15 MP: 3/3
   437 | D:1      | HP: 5/15 [kobold/+0 short sword (3)]
   562 | D:1      | Reached XP level 2. HP: 16/21 MP: 3/5
   839 | D:1      | Reached skill level 4 in Unarmed Combat
   971 | D:1      | Reached XP level 3. HP: 27/27 MP: 6/6
  1620 | D:2      | Found a bloodstained altar of Trog.
  1676 | D:2      | HP: 13/27 [poisoned by an adder]
  1681 | D:2      | HP: 11/28 [poisoned by an adder]
  1688 | D:2      | HP: 8/28 [poisoned by an adder]
  1695 | D:2      | HP: 7/28 [poisoned by an adder]
  1703 | D:2      | HP: 6/28 [poisoned by an adder]
  1987 | D:2      | Reached XP level 4. HP: 34/34 MP: 7/7
  2578 | D:3      | Reached skill level 5 in Unarmed Combat
  2580 | D:3      | Found a faded altar of an unknown god.
  3036 | D:4      | Reached XP level 5. HP: 38/40 MP: 8/8
  3069 | D:4      | HP: 20/40 [orc/+0 mace (3)]
  3095 | D:4      | HP: 16/41 [orc/+0 mace (1)]
  3103 | D:4      | HP: 13/41 [orc wizard/magic dart (4)]
  3110 | D:4      | HP: 4/41 [orc/+0 morningstar (7)]
  3111 | D:4      | Slain by an orc

Vanquished Creatures
  An orc priest (D:4)
  An orc wizard (D:4)
  5 adders (D:2 D:3 D:4)
  2 oozes (D:1 D:3)
  3 dart slugs (D:1)
  3 leopard geckos (D:1 D:2 D:4)
  4 orcs (D:3 D:4)
  A ball python (D:2)
  7 bats (D:2 D:1 D:3)
  2 giant cockroaches (D:1 D:2)
  3 goblins (D:1 D:2)
  3 hobgoblins (D:1 D:2)
  10 kobolds (D:1 D:2 D:3)
  4 quokkas (D:2 D:3)
  8 frilled lizards (D:1 D:2 D:3)
  7 rats (D:1 D:2 D:3)
64 creatures vanquished.

Table legend:
 A = Turns spent in this place as a percentage of turns spent in the entire game.
 B = Non-inter-level travel turns spent in this place as a percentage of non-inter-level travel turns spent in the entire game.
 C = Inter-level travel turns spent in this place as a percentage of turns spent in this place.
 D = Turns resting spent in this place as a percentage of non-inter-level travel turns spent in this place.
 E = Turns spent auto-exploring this place as a percentage of non-inter-level travel turns spent in this place.
 F = Non-inter-level travel turns spent in this place divided by the number of levels of this place that you've seen.
                   A       B       C       D       E      F
               +-------+-------+-------+-------+-------+----------------------
         Total | 100.0 | 100.0 |   3.1 |   6.9 |  73.6 | 753.5
       Dungeon | 100.0 | 100.0 |   3.1 |   6.9 |  73.6 | 753.5
               +-------+-------+-------+-------+-------+----------------------

Table legend:
 A = Non-vault XP
 B = Vault XP
 C = Vault XP percentage of total XP
 D = Non-vault monster count
 E = Vault monster count
 F = Vault count percentage of total count
                 A         B        C        D         E       F
            +---------+---------+-------+---------+---------+-------
      Total |     259 |       8 |   3.0 |      61 |       3 |   4.7
            +---------+---------+-------+---------+---------+-------
        D:1 |      49 |       8 |  14.0 |      27 |       3 |  10.0
        D:2 |      52 |       0 |   0.0 |      16 |       0 |   0.0
        D:3 |      37 |       0 |   0.0 |      11 |       0 |   0.0
        D:4 |     121 |       0 |   0.0 |       7 |       0 |   0.0
            +---------+---------+-------+---------+---------+-------
